 Dungeon Crawl Stone Soup version 0.25-b1-23-ge2ad7d536c (webtiles) character file.

Game seed: 11810419719289507014, levelgen mode: deterministic

48 Masnef the Ruffian (level 3, -2/36 HPs)
             Began as a Troll Berserker on May 31, 2020.
             Was a Believer of Trog.
             Slain by Sigmund
             ... wielding a +3 vorpal scythe
              (3 damage)
             ... on level 2 of the Dungeon.
             The game lasted 00:01:03 (754 turns).

Masnef the Ruffian (Troll Berserker)                 Turns: 754, Time: 00:01:04

Health: -2/36      AC:  6    Str: 26    XL:     3   Next: 50%
Magic:  2/2        EV: 10    Int:  3    God:    Trog [**....]
Gold:   53         SH:  0    Dex:  9    Spells: 2/2 levels left

rFire    . . .     SeeInvis .     - Unarmed
rCold    . . .     Gourm    +   (no shield)
rNeg     . . .     Faith    .   a - +0 animal skin
rPois    .         Spirit   .   (helmet restricted)
rElec    .         Reflect  .   (no cloak)
rCorr    .         Harm     .   (gloves unavailable)
MR       .....                  (boots unavailable)
Stlth    +.........             (no amulet)
HPRegen  0.52/turn              (no ring)
MPRegen  0.08/turn              (no ring)

@: no status effects
A: large, unfitting armour, claws 3, fast metabolism 3, gourmand, regeneration
1, shaggy fur 1, tough skin 3
a: Berserk, Trog's Hand, Renounce Religion


You were on level 2 of the Dungeon.
You worshipped Trog.
Trog was pleased with you.
You were very full.

You visited 1 branch of the dungeon, and saw 2 of its levels.

You collected 53 gold pieces.

Inventory:

Armour
 a - a +0 animal skin (worn)
 k - a +0 tower shield
Scrolls
 c - a scroll of blinking {unknown}
 d - 2 scrolls of teleportation {unknown}
 g - a scroll of remove curse {unknown}
 i - a scroll of enchant weapon {unknown}
 j - a scroll of noise {unknown}
Potions
 e - a potion of heal wounds {unknown}
 f - 2 potions of curing {unknown}
Comestibles
 b - 5 rations
 h - 5 chunks of flesh


   Skills:
 - Level 2.4 Fighting
 - Level 2.4 Dodging
 + Level 4.6 Unarmed Combat


You had 2 spell levels left.
You didn't know any spells.
Your spell library was empty.

Dungeon Overview and Level Annotations

Branches:
Dungeon (2/15)

Altars:

Annotations:
D:2 Sigmund


Innate Abilities, Weirdness & Mutations

You are too large for most types of armour.
You have claws for hands.
Your metabolism is lightning-fast.
You like to eat raw meat.
Your natural rate of healing is unusually fast.
You are covered in fur. (AC +1)
You have extremely tough skin. (AC +3)


Message History

Trog accepts your kill. The kobold hits you with a +0 dagger.
You scratch the kobold.
You kill the kobold!
Trog accepts your kill.
No target in view!
No target in view!
No target in view!
No target in view!
Something hits you but does no damage.
You miss something. You claw something.
A kobold comes into view. It is wielding a +0 dagger.
You barely miss something. Something hits you.
You scratch something but do no damage. You barely miss something.
Something hits you.
You scratch something. Something hits you!
You barely miss something. The kobold closely misses you.
You scratch something. Something hits you!
* * * LOW HITPOINT WARNING * * *
You die...

###############
#.≈....≈..≈..≈#
#..≈.≈..≈≈≈≈..#
#..≈(≈≈≈≈≈≈≈..#
####≈.≈≈≈≈≈≈≈≈≈≈.#
#.....≈≈≈≈≈≈≈≈≈≈.#
#$(...≈≈≈≈≈†≈≈≈≈.)
...####....≈≈≈≈≈_≈≈)≈...
......{@....≈≈≈≈≈.≈≈≈≈..
##.###K)†..≈≈≈≈≈≈≈≈≈≈...
#.....≈≈≈≈≈≈≈≈≈≈≈..
#.....≈≈≈≈≈≈≈≈≈≈≈≈..
.%...##...≈.≈≈.≈≈≈≈..
...................≈≈.
.........#.........###.
.).....# ##### .. #.


You could see a kobold.

Vanquished Creatures
  An adder (D:2)
  2 dart slugs (D:1)
  3 leopard geckos (D:1)
  A giant cockroach (D:1)
  5 goblins
  4 hobgoblins (D:1)
  2 jackals (D:1)
  A quokka (D:2)
  4 bats
  2 frilled lizards (D:1)
  2 kobolds
  3 rats (D:1)
30 creatures vanquished.

Notes
Turn   | Place    | Note
-------+----------+-------------------------------------------
     0 | D:1      | Masnef the Troll Berserker began the quest for the Orb.
     0 | D:1      | Reached XP level 1. HP: 22/22 MP: 0/0
   109 | D:1      | Reached XP level 2. HP: 27/29 MP: 1/1
   297 | D:1      | Reached skill level 4 in Unarmed Combat
   486 | D:1      | Reached ** piety under Trog
   486 | D:1      | Reached XP level 3. HP: 36/36 MP: 2/2
   708 | D:2      | Found a faded altar of an unknown god.
   742 | D:2      | Noticed Sigmund
   754 | D:2      | HP: 1/36 [something (15)]
   754 | D:2      | Slain by Sigmund

Illustrated notes

Levels and vault maps discovered:
D:1:      dpeg_arrival_rooms_a, layout_basic, dk_noncrumbling_3,
          lemuel_old_faithful
D:2:      layout_rooms, lemuel_crystal_altar, lightli_temple_of_fire,
          chequers_ecumenical_altar_island, uniq_sigmund

Skill      XL: |  1  2 |
---------------+-------+-----
Unarmed Combat | 4 |  4.6
Fighting       | |  2.4
Dodging        | |  2.4

Action                   || total
-------------------------++-------
Melee: Unarmed           ||   102
       Punch             ||     2
  Eat: Chunk             ||    12
Armor: Animal skin       ||    58
Dodge: Dodged            ||    52
